 Dungeon Crawl Stone Soup version 0.28.0-43-g3370ac3207 (webtiles) character file.

Game seed: 2705809154998215082

117 Sishio the Poker (level 4, -4/33 HPs)
             Began as a Demonspawn Gladiator on Apr 1, 2022.
             Killed from afar by Natasha (6 damage)
             ... with a magic dart
             ... on level 2 of the Dungeon.
             The game lasted 00:02:55 (2808 turns).

Sishio the Poker (Demonspawn Gladiator)             Turns: 2808, Time: 00:02:55

Health: -4/33      AC:  3    Str: 16    XL:     4   Next: 71%
Magic:  4/4        EV: 12    Int: 10    God:
Gold:   72         SH:  0    Dex: 14    Spells: 3/3 levels left

rFire   . . .      SeeInvis .   a - +0 trident
rCold   . . .      Faith    .   (no shield)
rNeg    . . .      Spirit   .   b - +0 leather armour
rPois   .          Reflect  .   (helmet restricted)
rElec   .          Harm     .   (no cloak)
rCorr   .          Rampage  .   (no gloves)
Will    .....                   (no boots)
Stlth   +.........              (no amulet)
HPRegen 0.11/turn               (no ring)
MPRegen 0.09/turn               (no ring)

@: slowed, very slow
A: horns 1, weakness stinger 1
a: no special abilities


You were on level 2 of the Dungeon.
You visited 1 branch of the dungeon, and saw 2 of its levels.

You collected 72 gold pieces.

Inventory:

Hand Weapons
 a - a +0 trident (weapon)
 e - a +0 short sword
Missiles
 d - 3 throwing nets (quivered)
Armour
 b - a +0 leather armour (worn)
 c - a +0 helmet
Scrolls
 g - 2 scrolls of noise
 h - a scroll of teleportation {unknown}
Potions
 f - a potion of lignification {unknown}


   Skills:
 - Level 2.0 Fighting
 + Level 5.0 Polearms
 - Level 1.7 Throwing
 - Level 2.6 Dodging


You had 3 spell levels left.
You didn't know any spells.
Your spell library was empty.

Dungeon Overview and Level Annotations

Branches:
Dungeon (2/15)

Altars:
Vehumet

Annotations:
D:2 1 runed translucent door, Crazy Yiuf, Natasha


Innate Abilities, Weirdness & Mutations

You have a pair of small horns on your head.
You have a small tail.


Message History

Natasha hisses angrily.
Natasha extends her claws.
Natasha casts a spell at you.
You feel yourself slow down.
Natasha stares at you and mumbles some strange words.
The magic dart hits you.
You barely miss Natasha. You headbutt Natasha, but do no damage.
Natasha claws you.
You hit Natasha.
Natasha is moderately wounded.
Natasha misses you. Natasha barely misses you.
You puncture Natasha! Your headbutt misses Natasha.
Natasha is severely wounded.
Natasha claws you. Natasha claws you but does no damage.
You barely miss Natasha.
Your tail-slap misses Natasha.
Natasha is severely wounded.
Natasha claws you!
You are too injured to fight recklessly!
You are too injured to fight recklessly!
You hit Natasha.
Natasha is severely wounded.
Natasha casts a spell at you.
You feel as though you will be slow longer.
Natasha claws you.
* * * LOW HITPOINT WARNING * * *
You barely miss Natasha. Your headbutt misses Natasha.
Natasha is severely wounded.
Natasha claws you!
* * * LOW HITPOINT WARNING * * *
You closely miss Natasha. You tail-slap Natasha.
You kill Natasha!
Moaning pathetically, Natasha's spirit plunges into the ground.
Your Polearms skill increases to level 5!
There's nothing to open nearby.
There's nothing to open nearby.
Natasha, Servant of Life and Death comes into view.
You see here the felid corpse of Natasha.
Natasha casts a spell at you. The magic dart hits you.
You die...

# #.#...# #.## #.#.# ###
#...#.# #.# #.#.# ..#
#####.# #.# #.#.# #.#
#.# #.# #.#.# #.# #.#
#.# #.#.## #.### #.# #.#
#..... ....# #####
#.###.########### ....#
##...####..†........#
....#
##.###<.)@.....#####.###
....####.##
##.###..#h........#
.....##.##
##.##..#..####.#.#
........# #.##..#..#
#.#.### ##...##.##
##.##..#..####.#....
###.####.##
##.###..#....##.#..## #
#.# #..###.##
#..#.h........# # #.#
#.#...## #..##.#.##.#.##
# #.## #.#####
#..##.#.##.#.#


You could see Natasha.

Vanquished Creatures
  Jessica (D:2)
  Natasha (twice) (D:2)
  A dart slug (D:1)
  5 ball pythons
  5 endoplasms
  4 goblins (D:2)
  3 hobgoblins (D:1)
  2 jackals (D:1)
  2 quokkas
  A bat (D:2)
  5 frilled lizards
  3 kobolds
  5 rats
39 creatures vanquished.

Notes
Turn   | Place    | Note
-------+----------+-------------------------------------------
     0 | D:1      | Sishio the Demonspawn Gladiator began the quest for the
                  | Orb.
     0 | D:1      | Reached XP level 1. HP: 16/16 MP: 1/1
   342 | D:1      | Reached skill level 3 in Polearms
   848 | D:1      | Discovered your monstrous ancestry.
   848 | D:1      | Gained mutation: You have a small tail. [demonic ancestry]
   848 | D:1      | Reached XP level 2. HP: 17/22 MP: 2/2
  1572 | D:2      | Noticed Jessica
  1576 | D:2      | Killed Jessica
  1577 | D:2      | Reached skill level 4 in Polearms
  1577 | D:2      | Gained mutation: You have a pair of small horns on your
                  | head. [demonic ancestry]
  1577 | D:2      | Reached XP level 3. HP: 19/27 MP: 3/3
  2231 | D:2      | Found a radiant altar of Vehumet.
  2291 | D:2      | Noticed Natasha
  2296 | D:2      | Killed Natasha
  2297 | D:2      | Reached XP level 4. HP: 26/33 MP: 4/4
  2439 | D:2      | Found a runed translucent door.
  2440 | D:2      | Noticed Crazy Yiuf
  2791 | D:2      | Noticed Natasha
  2800 | D:2      | HP: 1/33 [Natasha (7)]
  2801 | D:2      | Killed Natasha
  2802 | D:2      | Reached skill level 5 in Polearms
  2804 | D:2      | Noticed Natasha
  2808 | D:2      | Killed from afar by Natasha

Illustrated notes

Levels and vault maps discovered:
D:1:      dpeg_arrival_renting, layout_basic
D:2:      layout_loops_ring, basic_altar, uniq_jessica, uniq_crazy_yiuf_cottage,
          uniq_natasha

Skill      XL: |  1  2  3  4 |
---------------+-------------+-----
Polearms       | 3 4 5 |  5.0
Fighting       | |  2.0
Throwing       | |  1.7
Dodging        | |  2.6

Action                   |  1- 3 |  4- 6 || total
-------------------------+-------+-------++-------
Melee: Trident           |   118 |    10 ||   128
       Tailslap          |     4 |     1 ||     5
       Punch             |     2 |       ||     2
       Headbutt          |     2 |     1 ||     3
  Use: Scroll            |     1 |       ||     1
 Stab: Sleeping          |     2 |       ||     2
Armor: Leather armour    |    22 |     1 ||    23
Dodge: Dodged            |    52 |     2 ||    54
